 Dungeon Crawl Stone Soup version 0.19-a0-1932-g59670f6 (webtiles) character file.

154506 PurpleRed the Devastator (level 17, -26/96 HPs)
             Began as a Kobold Conjurer on Oct 24, 2016.
             Was the Champion of Vehumet.
             Annihilated by a spark wasp (32 damage)
             ... on level 2 of the Spider Nest on Oct 25, 2016.
             The game lasted 02:55:57 (10874 turns).

PurpleRed the Devastator (Kobold Conjurer)         Turns: 10874, Time: 02:55:58

Health: -26/96     AC: 12    Str:  3 (4)  XL:     17   Next: 94%
Magic:  20/37      EV: 22    Int: 25 (26) God:    Vehumet [******]
Gold:   1184       SH:  0    Dex: 21 (23) Spells: 14 memorised, 7 levels left

rFire  . . .     SeeInvis .     H - staff of conjuration
rCold  . . .     Gourm    .     M - +2 robe {Archmagi}
rNeg   . . .     Faith    .     (shield currently unavailable)
rPois  +         Spirit   .     i - +1 hat
rElec  +         Reflect  .     W - +2 cloak {MR+}
rCorr  .         Harm     +     x - +2 pair of gloves {Dex+3}
MR     +++..     Rnd*Tele +     N - +0 pair of boots of Repulsion {rElec Dex+3 Stlth+}
Stlth  +++++.....               L - amulet of harm
                                d - ring of teleportation (curse)
                                h - ring "Sitet" {rPois Str-4 Int+5 Stlth+}

@: very slightly contaminated, delayed fireball, repel missiles, invisible
A: horns 1, carnivore 3, magic resistance 1, strong 1
a: Renounce Religion, Release Delayed Fireball
}: 1/15 runes: barnacled


You were on level 2 of the Spider Nest.
You worshipped Vehumet.
Vehumet was exalted by your worship.
You were full.

You visited 7 branches of the dungeon, and saw 29 of its levels.

You collected 2363 gold pieces.
You spent 1179 gold pieces at shops.

Inventory:

Hand Weapons
 a - the +9 sword of Zonguldrok {reap}
   (You found it on level 8 of the Dungeon)

   If a monster killed with it leaves a corpse in good enough shape, the corpse
   will be animated as a zombie friendly to the killer.
Missiles
 O - 2 throwing nets (quivered)
Armour
 i - a +1 hat (worn)
 x - a +2 pair of gloves of dexterity (worn)
 K - the +1 leather armour of the Poles {+Blink rCorr Dex-5 Stlth-}
   (You found it on level 6 of the Lair of Beasts)

   It affects your dexterity (-5).
   It lets you blink.
   It protects you from acid and corrosion.
   It makes you less stealthy.
 M - a +2 robe of the Archmagi (worn)
 N - the +0 pair of boots of Repulsion (worn) {rElec Dex+3 Stlth+}
   (You found it on level 3 of the Elven Halls)

   It affects your dexterity (+3).
   It insulates you from electricity.
   It makes you more stealthy.
 S - a +2 robe of resistance
 W - a +2 cloak of magic resistance (worn)
Magical Staves
 E - an uncursed staff of earth
 G - an uncursed staff of fire
 H - an uncursed staff of conjuration (weapon)
Rods
 p - a +3 rod of inaccuracy (11/11)
   (You took it off a deep elf death mage on level 3 of the Elven Halls)
 T - a +4 rod of ignition (9/9)
   (You took it off a deep elf annihilator on level 3 of the Elven Halls)
Jewellery
 d - a cursed ring of teleportation (right hand)
 h - the ring "Sitet" (left hand) {rPois Str-4 Int+5 Stlth+}
   (You took it off a merfolk on level 4 of the Shoals)

   [ring of stealth]

   It affects your strength (-4).
   It affects your intelligence (+5).
   It protects you from poison.
   It makes you more stealthy.
 v - a +4 ring of intelligence
 J - the ring of Omoereall {Ice Str+2}
   (You found it on level 3 of the Elven Halls)

   [ring of ice]

   It enhances your ice magic.
   It affects your strength (+2).
   It makes you vulnerable to fire.
   It protects you from cold.
 L - an amulet of harm (around neck)
 U - an uncursed ring of protection from magic
 X - the ring "Fos Lepp" {*Corrode +Inv +Fly Str+4}
   (You took it off a deep elf annihilator on level 3 of the Elven Halls)

   [ring of flight]

   It affects your strength (+4).
   It lets you turn invisible.
   It lets you fly.
   It may corrode you when you take damage.
 Z - an uncursed ring of wizardry
Wands
 q - a wand of disintegration (13/24)
 D - a wand of lightning (10/15)
Scrolls
 g - 5 scrolls of identify
 m - 3 scrolls of recharging
 r - 4 scrolls of teleportation
 t - 3 scrolls of amnesia
 u - a scroll of blinking
 F - 2 scrolls of enchant armour
 Q - a scroll of immolation
 Y - a scroll of fear
Potions
 f - a potion of agility
 k - 6 potions of curing
 l - 2 potions of ambrosia
 o - 2 potions of heal wounds
 w - a potion of haste
 B - a potion of resistance
 C - 3 potions of brilliance
 I - 2 potions of flight
 P - a potion of cancellation
 R - a potion of lignification
Books
 z - the Guide on Blows and Bruises
   (You found it on level 3 of the Elven Halls)

   Spells                             Type                      Level
   a - Magic Dart                     Conjuration                  1
   b - Throw Flame                    Conjuration/Fire             2
   c - Mephitic Cloud                 Conjuration/Poison/Air       3
   d - Stone Arrow                    Conjuration/Earth            3
   e - Iron Shot                      Conjuration/Earth            6
Miscellaneous
 s - a phantom mirror
 y - a lamp of fire
 V - a phial of floods
Comestibles
 c - 9 meat rations
 j - 18 beef jerkies
 n - 3 royal jellies
 A - 5 slices of pizza


   Skills:
 - Level 7.1 Fighting
 - Level 8.5 Dodging
 - Level 2.6 Stealth
 + Level 16.1 Spellcasting
 + Level 17.5 Conjurations
 - Level 5.6 Charms
 - Level 5.8 Necromancy
 + Level 13.6 Fire Magic


You had 7 spell levels left.
You knew the following spells:

 Your Spells              Type           Power        Failure   Level  Hunger
a - Magic Dart            Conj           ####         0%          1    None
b - Searing Ray           Conj           ######       0%          2    None
c - Iskenderun's Mystic   Conj           ########     1%          4    None
d - Iskenderun's Battles  Conj/Chrm      ########     1%          5    None
e - Fireball              Conj/Fire      ########..   1%          5    None
f - Bolt of Draining      Conj/Necr      ########..   1%          5    None
g - Bolt of Fire          Conj/Fire      ########..   1%          6    ####...
h - Flame Tongue          Conj/Fire      #####        0%          1    None
i - Blink                 Tloc           N/A          4%          2    None
j - Repel Missiles        Chrm/Air       ######       1%          2    None
k - Delayed Fireball      Conj/Fire      N/A          1%          7    #####..
q - Apportation           Tloc           ####......   2%          1    None
r - Regeneration          Chrm/Necr      ######....   1%          3    None
x - Sublimation of Blood  Necr           ######....   1%          2    None


Dungeon Overview and Level Annotations

Branches:
Dungeon (11/15)            Temple (1/1) D:5            Lair (6/6) D:10
 Shoals (4/4) Lair:4       Spider (2/4) Lair:4        Slime (0/5) Lair:6
    Orc (2/2) D:9             Elf (3/3) Orc:2

Altars:
Ashenzari
Cheibriados
Dithmenos
Elyvilon
Fedhas
Gozag
Hepliaklqana
Kikubaaqudgha
Makhleb
Nemelex Xobeh
Okawaru
Qazlal
Ru
Sif Muna
Trog
Uskayaw
Vehumet
Xom
Yredelemnul
Zin
The Shining One
Beogh

Shops:
D:9 *   D:11 [![*   Orc:2 !:[!   Shoals:1 %

Annotations:
Elf:3 exclusion: Roxanne, Roxanne


Innate Abilities, Weirdness & Mutations

You are small and have problems with some larger weapons.
You are carnivorous and can eat meat at any time.
You have a pair of small horns on your head.
You are resistant to hostile enchantments. (MR+)
Your muscles are strong. (Str +2)


Message History

You feel much better.
The spark wasp stings you but does no damage.
Something barely misses you. Something hits you.
* * * LOW HITPOINT WARNING * * *
Something barely misses you.
Casting: Fireball
Confirm with . or Enter, or press ? or * to list all spells.
Aiming: Fireball
Press: ? - help, Shift-Dir - straight line You feel a strong surge of power!
The fireball explodes!
The fireball engulfs something.
Your battlesphere fires!
The barrage of energy hits the spark wasp.
The spark wasp is moderately wounded.
The spark wasp stings you!
* * * LOW HITPOINT WARNING * * *
The spark wasp shocks you. You resist.
* * * LOW HITPOINT WARNING * * *
The spark wasp stings you!!
You die...

..## ...##
.... ...
##<.# ##...#
###§§{.#####
#^.§@y.....#
##.§*§.....#
#....#..$..#
##...#....##
##..# ####
####


You could see a spark wasp and a friendly battlesphere.

Vanquished Creatures
  2 deep elf blademasters (Elf:3)
  2 deep elf master archers (Elf:3)
  The ghost of gg19 the Fetichist, an adept KoEn of Nemelex Xobeh (Shoals:4)
  A kraken (Shoals:2)
  Agnes (Elf:1)
  Ilsuiw (Shoals:4)
  2 deep elf sorcerers (Elf:3)
  5 deep elf elementalists (Elf:3)
  3 deep elf demonologists
  6 deep elf annihilators
  5 merfolk javelineers
  4 deep elf death magi (Elf:3)
  Josephine (D:10)
  A merfolk impaler (Shoals:4)
  2 deep elf high priests (Elf:3)
  Fannar (Lair:2)
  4 hydras (Lair:6)
  An alligator snapping turtle (Shoals:4)
  Erica (Lair:2)
  2 merfolk avatars
  4 merfolk aquamancers (Shoals:4)
  11 dancing weapons
  2 ogre magi (Orc:2)
  Urug (Lair:4)
  An orc high priest (Elf:3)
  11 deep elf knights
  Nergalle (Orc:2)
  6 sea snakes
  A sea snake (shapeshifter) (Elf:3)
  An unseen horror (D:10)
  6 deep elf archers
  A hill giant (D:11)
  Pikel (D:8)
  A harpy (shapeshifter) (Elf:2)
  5 orb spiders (Spider:1)
  3 wolf spiders
  7 harpies
  11 orc sorcerers
  30 deep elf magi
  An oklob plant (Lair:3)
  6 manticores
  2 cyclopes (D:11)
  A centaur zombie (D:11)
  3 elephants (Lair:6)
  Maurice (Orc:1)
  Joseph (D:10)
  5 sirens
  4 black mambas
  3 water nymphs
  Psyche (D:8)
  A torpor snail (Lair:3)
  8 spiny frogs
  3 kobold demonologists (D:10)
  5 demonic crawlers (Spider:1)
  6 komodo dragons
  3 rime drakes
  11 merfolk
  3 trolls
  2 polar bears
  A meliai (shapeshifter) (Elf:1)
  A two-headed ogre (D:10)
  A hornet (Lair:6)
  6 jumping spiders
  3 wind drakes
  2 slime creatures (Lair:6)
  7 hippogriffs
  4 snapping turtles
  12 redbacks
  5 water elementals
  4 wraiths (D:10)
  4 wyverns
  2 air elementals (Elf:3)
  A fire elemental (Elf:3)
  3 tarantellas (Spider:1)
  45 yaks
  3 wargs
  6 porcupines
  4 water moccasins
  17 orc warriors
  2 ice beasts (D:5)
  A swamp drake (D:9)
  3 sky beasts
  A slave (D:8)
  10 ogres
  A phantom (D:7)
  5 wolves (Lair:3)
  A centaur (D:6)
  15 crocodiles
  6 big kobolds
  8 bullfrogs
  2 gnoll sergeants (D:9)
  3 earth elementals
  6 scorpions
  A wyvern skeleton (D:7)
  5 killer bees (D:8)
  7 wights (D:7)
  2 electric eels
  6 crimson imps
  5 howler monkeys
  A bullfrog zombie (D:8)
  A quasit (D:10)
  2 bullfrog skeletons
  22 orc priests
  5 hounds
  4 jellies
  30 orc wizards
  8 iguanas
  3 worker ants
  2 hound skeletons
  Robin (D:3)
  9 adders
  10 gnolls (D:9)
  2 shadow imps
  An adder skeleton (D:4)
  5 leopard geckos
  84 orcs
  A ball python (D:4)
  4 giant cockroaches
  11 goblins (D:3)
  6 hobgoblins
  5 jackals
  4 quokkas
  3 bats
  2 frilled lizards
  A jackal skeleton (D:4)
  12 kobolds
  2 quokka skeletons
  A rat (D:3)
  A bush (Lair:3)
  3 plants (D:11)
  2 tentacles (Shoals:2)
689 creatures vanquished.

Vanquished Creatures (collateral kills)
  A wolf (Lair:3)
  An orc (D:9)
  A butterfly (Lair:3)
3 creatures vanquished.

Vanquished Creatures (others)
  2 slaves (D:8)
  2 howler monkeys (D:8)
  A butterfly (Lair:2)
  3 fungi
  3 plants
  2 tentacles (Shoals:2)
13 creatures vanquished.

Grand Total: 705 creatures vanquished

Notes
Turn   | Place    | Note
-------+----------+-------------------------------------------
     0 | D:1      | PurpleRed the Kobold Conjurer began the quest for the Orb.
     0 | D:1      | Reached XP level 1. HP: 10/10 MP: 3/3
   192 | D:3      | Reached XP level 2. HP: 10/15 MP: 3/5
   233 | D:3      | Found an opulent altar of Gozag.
   233 | D:3      | Found a shattered altar of Ashenzari.
   266 | D:3      | Learned a level 2 spell: Searing Ray
   334 | D:3      | Reached XP level 3. HP: 19/19 MP: 1/7
   508 | D:4      | Reached XP level 4. HP: 16/24 MP: 2/9
   566 | D:4      | Noticed an ogre
   678 | D:3      | Noticed Robin
   685 | D:3      | Killed Robin
   685 | D:3      | Reached skill level 5 in Conjurations
   834 | D:3      | Reached XP level 5. HP: 28/28 MP: 6/10
   850 | D:4      | Learned a level 5 spell: Iskenderun's Battlesphere
   884 | D:4      | Got an ichor-stained chain mail
   955 | D:5      | Entered Level 5 of the Dungeon
   957 | D:5      | Found a glowing golden altar of the Shining One.
  1012 | D:5      | Noticed an ice beast
  1035 | D:5      | Killed an ice beast
  1035 | D:5      | Reached skill level 1 in Charms
  1035 | D:5      | Reached XP level 6. HP: 8/32 MP: 2/12
  1136 | D:4      | Reached skill level 6 in Conjurations
  1217 | D:4      | Killed an ogre
  1217 | D:4      | Reached XP level 7. HP: 29/36 MP: 7/13
  1288 | D:4      | Identified the cursed +0 chain mail of Unreason {Int+3} (You found it on level 4 of the Dungeon)
  1642 | D:5      | Found a staircase to the Ecumenical Temple.
  1656 | Temple   | Entered the Ecumenical Temple
  1758 | D:5      | Reached skill level 7 in Conjurations
  1819 | D:5      | Reached skill level 5 in Spellcasting
  1862 | D:5      | Reached XP level 8. HP: 41/41 MP: 1/15
  1869 | D:5      | Learned a level 4 spell: Iskenderun's Mystic Blast
  1953 | D:5      | Gained mutation: You have a pair of small horns on your head. [mutagenic meat]
  1954 | D:5      | Gained mutation: You are resistant to hostile enchantments. (MR+) [mutagenic meat]
  2088 | D:6      | Reached skill level 8 in Conjurations
  2294 | D:6      | Reached XP level 9. HP: 19/45 MP: 3/17
  2369 | D:6      | Found a radiant altar of Vehumet.
  2404 | D:6      | Became a worshipper of Vehumet
  2556 | D:7      | Reached skill level 9 in Conjurations
  2912 | D:7      | Reached * piety under Vehumet
  2912 | D:7      | Offered knowledge of Flame Tongue by Vehumet.
  2915 | D:7      | Learned a level 1 spell: Flame Tongue
  2976 | D:7      | Found a stormy altar of Qazlal.
  3048 | D:8      | Noticed Pikel
  3065 | D:8      | Killed Pikel
  3065 | D:8      | Reached skill level 10 in Conjurations
  3065 | D:8      | Reached XP level 10. HP: 46/50 MP: 2/20
  3125 | D:8      | Reached skill level 5 in Charms
  3236 | D:8      | Found a burning altar of Makhleb.
  3284 | D:8      | Noticed Psyche
  3288 | D:8      | Killed Psyche
  3464 | D:8      | Reached skill level 11 in Conjurations
  3486 | D:8      | Learned a level 2 spell: Sublimation of Blood
  3492 | D:8      | Learned a level 5 spell: Bolt of Draining
  3655 | D:9      | Found Giconk's General Store.
  3662 | D:9      | Bought a scroll of teleportation for 39 gold pieces
  3723 | D:9      | Reached skill level 1 in Necromancy
  3742 | D:9      | Reached ** piety under Vehumet
  3743 | D:9      | Offered knowledge of Sting by Vehumet.
  3858 | D:9      | Found a staircase to the Orcish Mines.
  4006 | D:9      | Found a blossoming altar of Fedhas.
  4121 | D:10     | Entered Level 10 of the Dungeon
  4126 | D:10     | Offered knowledge of Static Discharge by Vehumet.
  4245 | D:10     | Reached XP level 11. HP: 54/54 MP: 9/23
  4272 | D:10     | Learned a level 5 spell: Fireball
  4274 | D:10     | Noticed Joseph
  4289 | D:10     | Killed Joseph
  4366 | D:10     | Reached *** piety under Vehumet
  4430 | D:10     | Found an opulent altar of Gozag.
  4463 | D:11     | Found Kisiar's Antique Armour Shoppe.
  4494 | D:10     | Reached skill level 12 in Conjurations
  4591 | D:10     | Offered knowledge of Throw Icicle by Vehumet.
  4690 | D:10     | Reached **** piety under Vehumet
  4724 | D:10     | Reached skill level 5 in Necromancy
  4821 | D:10     | Noticed Josephine
  4843 | D:10     | Killed Josephine
  4900 | D:10     | Offered knowledge of Ignite Poison by Vehumet.
  4964 | D:10     | Found a staircase to the Lair.
  4972 | D:10     | Killed an unseen horror
  4994 | Lair:1   | Entered Level 1 of the Lair of Beasts
  5057 | Lair:1   | Reached skill level 1 in Fire Magic
  5102 | Lair:1   | Reached skill level 10 in Spellcasting
  5220 | Lair:2   | Reached XP level 12. HP: 56/59 MP: 17/26
  5298 | Lair:2   | Noticed Erica
  5305 | Lair:2   | Killed Erica
  5448 | Lair:2   | Learned a level 3 spell: Regeneration
  5451 | Lair:2   | Learned a level 2 spell: Blink
  5527 | Lair:3   | Reached skill level 13 in Conjurations
  5651 | Lair:2   | Noticed Fannar
  5657 | Lair:2   | Killed Fannar
  5657 | Lair:2   | Reached ***** piety under Vehumet
  5691 | Lair:2   | Offered knowledge of Olgreb's Toxic Radiance by Vehumet.
  5817 | Lair:3   | Reached skill level 5 in Fire Magic
  5970 | Lair:4   | Noticed Urug
  6132 | Lair:3   | Reached XP level 13. HP: 51/63 MP: 4/28
  6272 | Lair:3   | Gained mutation: Your muscles are strong. (Str +2) [potion of beneficial mutation]
  6586 | Lair:4   | Reached skill level 14 in Conjurations
  6597 | Lair:4   | Found a hole to the Spider Nest.
  6637 | Lair:4   | Killed Urug
  6723 | Lair:6   | Entered Level 6 of the Lair of Beasts
  6737 | Lair:6   | Noticed an eight-headed hydra
  6741 | Lair:6   | Killed an eight-headed hydra
  6759 | Lair:6   | Got a spiked leather armour
  6799 | Lair:6   | Offered knowledge of Bolt of Fire by Vehumet.
  6811 | Lair:6   | Learned a level 6 spell: Bolt of Fire
  6827 | Lair:6   | Found a staircase to the Slime Pits.
  6864 | Lair:6   | Noticed a merfolk avatar
  6868 | Lair:6   | Killed a merfolk avatar
  6911 | Lair:6   | Noticed an eight-headed hydra
  6912 | Lair:6   | Noticed a seven-headed hydra
  6913 | Lair:6   | Killed an eight-headed hydra
  6933 | Lair:6   | Killed a seven-headed hydra
  6933 | Lair:6   | Reached XP level 14. HP: 55/68 MP: 3/30
  7167 | Lair:1   | Learned a level 2 spell: Repel Missiles
  7228 | Orc:1    | Entered Level 1 of the Orcish Mines
  7315 | Orc:2    | Entered Level 2 of the Orcish Mines
  7378 | Orc:2    | Found a staircase to the Elven Halls.
  7407 | Orc:2    | Offered knowledge of Irradiate by Vehumet.
  7488 | Orc:2    | Reached skill level 15 in Conjurations
  7503 | Orc:2    | Found an ancient bone altar of Kikubaaqudgha.
  7517 | Orc:2    | Noticed Nergalle
  7519 | Orc:2    | Killed Nergalle
  7535 | Orc:2    | Found Cetoz's Book Shoppe.
  7559 | Orc:2    | Found a radiant altar of Vehumet.
  7574 | Orc:2    | Found a roughly hewn altar of Beogh.
  7574 | Orc:2    | Found Cuik Dyg's Antique Armour Shoppe.
  7594 | Orc:2    | Found Otumupu's Distillery.
  7620 | Orc:2    | Bought a potion of heal wounds for 75 gold pieces
  7620 | Orc:2    | Bought a potion of agility for 60 gold pieces
  7653 | Orc:2    | Found Wileus's Distillery.
  7661 | Orc:2    | Bought a potion of haste for 170 gold pieces
  7661 | Orc:2    | Bought a potion of resistance for 170 gold pieces
  7661 | Orc:2    | Bought a potion of heal wounds for 85 gold pieces
  7663 | Orc:2    | Identified the +1 leather armour of the Poles {+Blink rCorr Dex-5 Stlth-} (You found it on level 6 of the Lair of Beasts)
  7664 | Orc:2    | Upgraded the game from 0.19-a0-1922-g1e9a4c1 to 0.19-a0-1932-g59670f6
  7699 | Elf:1    | Entered Level 1 of the Elven Halls
  7716 | Elf:1    | Reached skill level 10 in Fire Magic
  7799 | Elf:1    | Reached skill level 1 in Fighting
  7864 | Elf:1    | Noticed a deep elf annihilator
  7884 | Elf:1    | Killed a deep elf annihilator
  7895 | Elf:1    | Reached skill level 5 in Dodging
  7895 | Elf:1    | Reached XP level 15. HP: 61/79 MP: 10/32
  7895 | Elf:1    | Offered knowledge of Spellforged Servitor by Vehumet.
  7984 | Elf:1    | Reached skill level 5 in Fighting
  8035 | Elf:1    | Found a radiant altar of Vehumet.
  8036 | Elf:1    | Noticed Agnes
  8050 | Elf:1    | Killed Agnes
  8266 | Elf:2    | Learned a level 1 spell: Apportation
  8274 | Elf:3    | Entered Level 3 of the Elven Halls
  8389 | Elf:3    | Noticed Roxanne
  8668 | Elf:3    | Noticed a deep elf elementalist
  8669 | Elf:3    | Killed a deep elf elementalist
  8669 | Elf:3    | Reached XP level 16. HP: 84/92 MP: 31/34
  8676 | Elf:3    | Noticed a deep elf sorcerer
  8677 | Elf:3    | Killed a deep elf sorcerer
  8681 | Elf:3    | Reached skill level 16 in Conjurations
  8867 | Elf:3    | Got a vibrating pewter ring
  8870 | Elf:3    | Identified the ring "Fos Lepp" {*Corrode +Inv +Fly Str+4} (You took it off a deep elf annihilator on level 3 of the Elven Halls)
  8919 | Elf:3    | Noticed a deep elf sorcerer
  8920 | Elf:3    | Noticed a deep elf blademaster
  8921 | Elf:3    | Noticed a deep elf master archer
  8953 | Elf:3    | Noticed a deep elf master archer
  8954 | Elf:3    | Killed a deep elf master archer
  8961 | Elf:3    | Noticed a deep elf blademaster
  8964 | Elf:3    | Killed a deep elf blademaster
  8967 | Elf:3    | Killed a deep elf sorcerer
  9026 | Elf:3    | Killed a deep elf master archer
  9033 | Elf:3    | Killed a deep elf blademaster
  9033 | Elf:3    | Reached skill level 15 in Spellcasting
  9157 | Elf:3    | Got a smoking short sword {pierce}
  9158 | Elf:3    | Identified the +9 short sword of the Scavenger {pierce, Dex+2} (You found it on level 3 of the Elven Halls)
  9167 | Elf:3    | Got a pair of polished boots
  9173 | Elf:3    | Identified the cursed +0 pair of boots of Repulsion {rElec Dex+3 Stlth+} (You found it on level 3 of the Elven Halls)
  9179 | Elf:3    | Got a bound turquoise ring
  9181 | Elf:3    | Identified the ring of Omoereall {Ice Str+2} (You found it on level 3 of the Elven Halls)
  9183 | Elf:3    | Identified the Reference Book on the Unstable Volcanoes
  9223 | Elf:3    | Got a scorched mace
  9224 | Elf:3    | Identified the +4 mace "Qivve" {venom, *Rage rF+ Str+8} (You found it on level 3 of the Elven Halls)
  9330 | Elf:3    | Identified the Guide on Blows and Bruises
  9454 | Orc:1    | Noticed Maurice
  9454 | Orc:1    | Killed Maurice
  9654 | D:11     | Offered knowledge of Poison Arrow by Vehumet.
  9686 | D:11     | Bought a fine leather armour for 196 gold pieces
  9686 | D:11     | Identified the +2 leather armour of Trial and Error {rC- Int+6} (You bought it in a shop on level 11 of the Dungeon)
  9701 | D:11     | Found Hubrol's Armour Emporium.
  9704 | D:11     | Found Xoly's Distillery.
  9739 | D:11     | Identified a +4 rod of ignition (9/9) (You took it off a deep elf annihilator on level 3 of the Elven Halls)
  9740 | D:11     | Identified a +1 rod of clouds (12/12) (You found it on level 11 of the Dungeon)
  9767 | D:11     | Reached XP level 17. HP: 79/96 MP: 36/36
  9778 | D:11     | Found Zucuuz's General Store.
  9779 | D:11     | Got a shimmering quarterstaff
  9780 | D:11     | Identified the cursed +1 quarterstaff of Fortitude {venom, rElec Str+4} (You found it on level 11 of the Dungeon)
  9846 | D:11     | Bought a potion of heal wounds for 80 gold pieces
  9846 | D:11     | Bought 2 potions of brilliance for 128 gold pieces
  9846 | D:11     | Bought a potion of curing for 48 gold pieces
  9846 | D:11     | Bought a potion of invisibility for 128 gold pieces
  9979 | Lair:4   | Found a staircase to the Shoals.
  9985 | Shoals:1 | Entered Level 1 of the Shoals
  9998 | Shoals:1 | Found Reonuid's Food Emporium.
 10072 | Shoals:2 | Noticed a kraken
 10074 | Shoals:2 | Killed a kraken
 10175 | Shoals:4 | Entered Level 4 of the Shoals
 10205 | Shoals:4 | Reached skill level 17 in Conjurations
 10211 | Shoals:4 | Got a flickering turquoise ring
 10216 | Shoals:4 | Identified the ring "Sitet" {rPois Str-4 Int+5 Stlth+} (You took it off a merfolk on level 4 of the Shoals)
 10391 | Shoals:4 | Got a barnacled rune of Zot
 10451 | Shoals:4 | Noticed Ilsuiw
 10451 | Shoals:4 | Noticed gg19's ghost (adept KoEn)
 10455 | Shoals:4 | Offered knowledge of Delayed Fireball by Vehumet.
 10456 | Shoals:4 | Killed Ilsuiw
 10466 | Shoals:4 | Killed gg19's ghost
 10482 | Shoals:4 | Got a transparent lead amulet
 10483 | Shoals:4 | Identified the amulet "Ezoacem" {Inacc rF+ Stlth+} (You found it on level 4 of the Shoals)
 10529 | Shoals:4 | Reached ****** piety under Vehumet
 10704 | Spider:1 | Entered Level 1 of the Spider Nest
 10743 | Spider:1 | Learned a level 7 spell: Delayed Fireball
 10874 | Spider:2 | Annihilated by a spark wasp

Vault maps used:
D:1:      ncdulo_lavacross
D:2:      nicolae_ru_awakened_eye
D:3:      nicolae_overflow_hidden_temple, uniq_robin
D:4:      first_bread
D:5:      tso_metal_star
D:6:      vehumet_altar_wand_db
D:7:      serial_glass, glass_columns_b, glass_columns_b,
          minmay_strange_pillars, minmay_strange_pillars, feat_on_display,
          feat_on_display, nicolae_qazlal_general_emergency
D:8:      lightli_temple_of_fire, elyvilon_altar_1, uniq_pikel, uniq_psyche
D:9:      overflow_temple_1_default, erik_orc_1, serial_shops, shop
D:10:     lair_0_dummy, grunt_ogre_cave,
          nicolae_gozag_cash_rules_everything_around_me, uniq_josephine,
          uniq_joseph
D:11:     serial_shops, kennysheep_mini_moat, shop,
          nicolae_shop_overgrown_old_shop, shop, basic_loot_grate_trap,
          evilmike_butchery
Temple:   lightli_temple_of_artemis
Lair:1:   guppyfry_lair_drakes
Lair:2:   lemuel_fruit_fields, lemuel_fruit_fields, infiniplex_staircase_pool,
          uniq_fannar, uniq_erica
Lair:3:   minmay_stone_trees_small, lemuel_fruit_fields
Lair:4:   elwin_shoals_entry_rooms, spider_nest_entry_funnel_web,
          beast_lair_carwin_7, uniq_urug
Lair:5:   uniq_rupert
Lair:6:   gammafunk_lair_ancient_temple, minmay_slime_entry_pillars,
          serial_bayou_shore_a
Shoals:1: serial_shops, shop
Shoals:4: shoals_end_hangedman, shoal_ilsuiw
Spider:2: uniq_arachne
Orc:1:    library_closet, uniq_maurice
Orc:2:    kennysheep_orc_mage_school, uniq_sonja, uniq_nessos
Elf:1:    eino_elf_arrival_shootout, basic_altar, minmay_elf_sorcery, uniq_agnes
Elf:2:    nicolae_alphabet_shops
Elf:3:    elf_hall_gauntlet_wide, grunt_megastairs_4, uniq_roxanne

Skill      XL: |  1  2  3  4  5  6  7  8  9 10 11 12 13 14 15 16 17 |
---------------+----------------------------------------------------+-----
Spellcasting   | 3 4 5 7 8 10 11 12 13 14 15 16 | 16.1
Conjurations   | 5 6 7 8 10 11 12 13 14 15 16 17 | 17.5
Charms         | 1 2 3 4 5 |  5.6
Necromancy     | 3 5 |  5.8
Fire Magic     | 2 5 8 10 12 13 | 13.6
Fighting       | 3 7 |  7.1
Dodging        | 5 8 |  8.5
Stealth        | |  2.6

Action                   |  1- 3 |  4- 6 |  7- 9 | 10-12 | 13-15 | 16-18 || total
-------------------------+-------+-------+-------+-------+-------+-------++-------
Melee: Short sword       |    32 |    59 |       |       |       |       ||    91
       Dagger            |     1 |       |    38 |     4 |       |       ||    43
       Quarterstaff      |       |       |     8 |       |       |       ||     8
       Headbutt          |       |       |     1 |     9 |     1 |       ||    11
       Double sword      |       |       |       |    83 |    19 |       ||   102
       Whip              |       |       |       |    29 |       |       ||    29
 Fire: Blowgun           |       |       |     7 |       |       |       ||     7
Throw: Tomahawk          |       |       |     6 |       |       |       ||     6
 Cast: Magic Dart        |    24 |    23 |    45 |   158 |   144 |   124 ||   518
       Searing Ray       |     2 |    11 |    35 |    18 |    22 |     4 ||    92
       Iskenderun's Batt |       |       |     9 |    44 |    55 |    41 ||   149
       Iskenderun's Myst |       |       |       |     2 |     2 |     2 ||     6
       Fireball          |       |       |       |    23 |    71 |   102 ||   196
       Bolt of Draining  |       |       |       |     7 |    29 |     7 ||    43
       Sublimation of Bl |       |       |       |    18 |    70 |    67 ||   155
       Regeneration      |       |       |       |    13 |    49 |    36 ||    98
       Repel Missiles    |       |       |       |       |     1 |     1 ||     2
       Blink             |       |       |       |       |       |     2 ||     2
       Apportation       |       |       |       |       |       |    13 ||    13
       Bolt of Fire      |       |       |       |       |       |     7 ||     7
       Delayed Fireball  |       |       |       |       |       |     1 ||     1
Evoke: Wand              |       |       |     4 |     2 |       |       ||     6
       Lamp of fire      |       |       |       |       |     1 |     1 ||     2
       Rod               |       |       |       |       |       |     1 ||     1
       Phial of floods   |       |       |       |       |       |     1 ||     1
  Use: Scroll            |       |     5 |     9 |    12 |     5 |    12 ||    43
       Potion            |       |       |     1 |     2 |     2 |     4 ||     9
 Stab: Sleeping          |     3 |     2 |       |     2 |       |       ||     7
  Eat: Chunk             |     6 |     2 |     9 |    24 |    35 |    19 ||    95
Armor: Robe              |    12 |    11 |    26 |    10 |     1 |    12 ||    72
       Skin              |       |       |       |    98 |    13 |       ||   111
       Troll leather arm |       |       |       |     8 |       |       ||     8
Dodge: Dodged            |    20 |    60 |    76 |    99 |    33 |    65 ||   353
       Deflected         |       |       |       |       |     3 |     4 ||     7
       Rpst.: Double sword |       |       |       |    20 |     7 |       ||    27
